Arrhythmia, chaotic female vampiric Convict ------------ ##################################### |..........+# # -----# # |..........|# # +...|# ## |...........##### |....#)%# |..........|# # -...|# ------------ ---------.--# .....|# |..).......| # # ---...|# |.........)| ### # |...|######).....).....| # # |...| ------------ ##### ## |...| -------- ### |...| |......+#####_@@ ).- |...| |....0.| # ## | ...| |..>...|### |...| |.......# |...| -------- -...| ...| ----- Arrhythmia the Jail-bird Experience level: 8 Strength: 18/01 Dexterity: 9 Constitution: 15 Intelligence: 14 Wisdom: 8 Charisma: 8 Health: 0(62) Energy: 47(47) AC: 8 Gold: 20 Moves: 3150 Your Inventory: Coins $ - 20 gold pieces Weapons i - an [uncursed +0] long sword Armor b - a cursed +0 striped shirt (being worn) A - an [uncursed] +0 pair of walking shoes [low] M - an [uncursed] +0 small shield O - an [uncursed] +0 mummy wrapping R - an [uncursed] +0 apron [alchemy smock] (being worn) S - a cursed -1 pair of old gloves [leather] (being worn) T - an [uncursed] +0 small shield (being worn) U - a [cursed +0] striped shirt V - an [uncursed] +0 visored helmet [helmet] X - a [blessed] +0 dented pot (being worn) Y - a cursed -3 pair of jackboots [high] (being worn) Rings N - an [uncursed] bronze ring [of stealth] Tools f - an [uncursed] bag called holding [of holding] F - an [uncursed tallow] candle H - an [uncursed] skeleton key K - an [uncursed wax] candle Gems G - an [uncursed] black gem [worthless glass] W - 3 [cursed] red gems [worthless glass] Iron balls c - an [uncursed] heavy iron ball (chained to you) (weapon in hand) Contents of the bag of holding: 516 gold pieces an [uncursed] scroll labeled ELAM EBOW [of create monster] 2 [uncursed] scrolls labeled ELBIB YLOH [of enchant armor] an [uncursed] scroll labeled FNORD [of confuse monster] an [uncursed] scroll labeled THARR [of earth] an [uncursed] scroll labeled ZLORFIK [of identify] an [uncursed] potion of extra healing an [uncursed] steel ring [of protection from shape changers] an [uncursed] wand of magic missile [0:3] an [uncursed +0] pick-axe an [uncursed] black gem [worthless glass] an [uncursed] blue gem [worthless glass] an [uncursed] green gem [jade] an [uncursed] orange gem [worthless glass] an [uncursed] red gem [worthless glass] an [uncursed] violet gem [worthless glass] 2 [uncursed] white gems [worthless glass] 2 [uncursed] yellowish brown gems [worthless glass] Spells known in the end: Name Level Category Fail Memory Your skills at the end: Fighting Skills Weapon Skills sling [Basic / Skilled] Spellcasting Skills Final Attributes: You had transgressed. Hunger level was 52. Your alignment was -73 / 25. Monster difficulty range was 0 - 6. Level difficulty was 5. You were immune to poison. You were immune to level-drain. You were immune to sickness. You were immune to acid. You were punished. You could fly. You could survive without air. You regenerated. You were unlucky (-2). Tymora was angry with you (1). You are dead. Vanquished creatures: an elf mummy 5 watchmen 4 water moccasins a rock piercer a rock mole a shrieker 3 gnome lords a red naga hatchling 2 elf zombies a baby crocodile 7 dwarves 2 homunculi a rothe a giant bat a wererat 2 iguanas 2 killer bees 2 coyotes a hobbit a large kobold 3 giant rats 2 cave spiders a yellow mold a green mold 21 gnomes 2 geckos 2 jackals 2 foxes 2 kobolds a goblin a grid bug a bat a lichen a kobold zombie 2 newts 83 creatures vanquished. Voluntary challenges: You went without food. You used a wielded weapon 45 times. You read items or engraved 200 times. You put on armor 19 times. You never genocided any monsters. You never polymorphed an object. You never changed form. You used no wishes. You wrote Elbereth's name 107 times. You encountered 1 bones level. You never used any Sokoban shortcuts. Dungeon overview: The Dungeons of Doom: levels 1 to 2 Level 1 a long staircase Level 2 a general store stairs to The Gnomish Mines The Gnomish Mines: levels 3 to 5 Level 3 stairs to The Dungeons of Doom Level 6 <- You were here History has recorded: On T:1 you entered the Dungeons of Doom to retrieve the Amulet of Yendor! On T:60 you advanced to experience level 2. On T:80 you advanced to experience level 3. On T:104 you advanced to experience level 4. On T:747 you reached level 2 of The Dungeons of Doom. On T:776 you advanced to experience level 5. On T:1102 you reached level 1 of The Gnomish Mines. On T:1210 you advanced to experience level 6. On T:1875 you reached level 2 of The Gnomish Mines. On T:1942 you advanced to experience level 7. On T:2368 you reached level 3 of The Gnomish Mines. On T:2890 you advanced to experience level 8. Latest messages: [HP+1=58] [HP+1=59] [HP+1=60] [HP+1=61] Hit points restored. [HP+1=62] You hear a door open. (2x) You hear the splashing of a naiad. The watch captain throws a knife! The knife slips as the watch captain throws it! The watch captain swings her silver saber. The silver sears your flesh! The watch captain hits! The watch captain swings her silver saber. The silver sears your flesh! The watch captain hits! [HP-48=14] You miss the watch captain. You bite the watch captain. The watch captain swings her silver saber. The silver sears your flesh! The watch captain hits! You die... Final status: Goodbye Arrhythmia the Convict... You died in The Gnomish Mines on dungeon level 5 with 4103 points, and 536 pieces of gold, after 3150 moves. You were level 8 with a maximum of 62 hit points when you died.